 Dungeon Crawl Stone Soup version 0.31.0-12-g77e489cdc1 (webtiles) character file.

Game seed: 4220622385543774654

623 hawla the Covered (level 7, 0/59 HPs)
             Began as a Minotaur Fighter on Feb 17, 2024.
             Slain by a troll (6 damage)
             ... on level 6 of the Dungeon.
             The game lasted 00:07:43 (4651 turns).

hawla the Covered (Minotaur Fighter)                Turns: 4651, Time: 00:07:44

Health: 0/59       AC: 11    Str: 22    XL:     7   Next: 22%
Magic:  6/6        EV: 11    Int:  5    God:
Gold:   263        SH:  5    Dex: 10    Spells: 6/6 levels left

rFire   . . .        a - +0 war axe
rCold   . . .        c - +0 buckler
rNeg    . . .        b - +0 scale mail
rPois   .            (helmet restricted)
rElec   .            (no cloak)
rCorr   .            (no gloves)
SInv    .            (no boots)
Will    .....        (no amulet) Stlth
                     l - +4 ring of protection
HPRegen 0.29/turn    (no ring)
MPRegen 0.10/turn

%: no passive effects
@: no status effects
A: horns 2, retaliatory headbutt
a: no special abilities


You were on level 6 of the Dungeon.
You visited 1 branch of the dungeon, and saw 6 of its levels.
You also visited: Sewer.

You collected 263 gold pieces.

Inventory:

Hand Weapons
 a - a +0 war axe (weapon)
Armour
 b - a +0 scale mail (worn)
 c - a +0 buckler (worn)
Jewellery
 l - a +4 ring of protection (left hand)
Wands
 e - a wand of acid (7) (quivered)
Scrolls
 k - 3 scrolls of teleportation
 m - 3 scrolls of fog
Potions
 d - a potion of might
 f - 2 potions of enlightenment
 g - a potion of ambrosia
 h - a potion of magic
 i - a potion of curing {unknown}
 j - a potion of invisibility {unknown}
 n - a potion of heal wounds
 o - 3 potions of mutation {unknown}
 p - a potion of berserk rage {unknown}
 q - a potion of brilliance {unknown}


   Skills:
 - Level 4.0 Fighting
 - Level 2.4 Axes
 + Level 6.4 Armour
 - Level 6.0 Dodging
 - Level 5.0 Shields


You had 6 spell levels left.
You didn't know any spells.
Your spell library was empty.

Dungeon Overview and Level Annotations

Branches:
Dungeon (6/15)              Sewer (visited)
 Temple: D:4-7

Altars:
Kikubaaqudgha

Shops:
D:4 *

Annotations:
D:4 Duvessa


Innate Abilities, Weirdness & Mutations

You have a pair of horns on your head.
You reflexively headbutt those who attack you in melee.


Message History

As you read the scroll of teleportation, it crumbles to dust.
You feel strangely unstable. The troll bites you but does no damage.
The troll claws you! The troll closely misses you. The troll bites you.
The troll closely misses you. The troll claws you.
Your surroundings seem slightly different.
As you read the scroll of teleportation, it crumbles to dust.
You feel strangely unstable.
Your surroundings suddenly seem different.
You start resting.
HP restored.
The troll bites you! The troll closely misses you. The troll misses you.
You slash the troll!
You headbutt the troll, but do no damage.
The troll is moderately wounded.
The troll closely misses you. The troll claws you!
You block the troll's attack. The troll completely misses you.
The troll claws you. The troll claws you!
You are too injured to fight recklessly!
You are too injured to fight recklessly!
You hit the troll.
The troll is heavily wounded.
You block the troll's attack. x2; The troll barely misses you.
You closely miss the troll.
The troll is moderately wounded.
The troll bites you!
* * * LOW HITPOINT WARNING * * *
The troll claws you!
* * * LOW HITPOINT WARNING * * *
The troll claws you.
* * * LOW HITPOINT WARNING * * *
The troll closely misses you. The troll claws you.
* * * LOW HITPOINT WARNING * * *
The troll misses you.
Aiming: Corrosive Bolt
Press: ? - help, Shift-Dir - straight line, f - troll
Aim: a troll (moderately wounded, 71% to hit)
The bolt of acid hits the troll!
The acid corrodes the troll!
The troll is severely wounded.
The troll bites you.
You die...

# #.#.#.....#.# #.....# #
#.#.#....##+## ###.###
###.#######....###### #.#
..###...###...###...##### #.#
##.#.....#.###.#.....##.###.#
#...#...#...#...#...#....##.#
#...#####...#...#####.....#.#
#...# #...#...#...#....##.#
##.#.
.#.###.#@T...##T###.####
.###.
.###...###...####.......# ..
### .... #.###.###.##.##.# ..
..#... . .#...#.##.# ## .
#### #.....##.# #...####.#
##.## #.# #.. ..# # ###


You could see a troll (corroded).

Vanquished Creatures
  A phantom (D:4)
  A scorpion (D:5)
  Dowan (D:4)
  An orc priest (D:5)
  2 jellies
  A sleepcap (D:4)
  An orc wizard (D:5)
  A hell rat (Sewer)
  Robin (D:2)
  3 gnolls (D:3)
  10 adders
  2 river rats (Sewer)
  3 dart slugs
  4 ribbon worms
  11 orcs
  8 ball pythons
  3 bats
  7 endoplasms
  6 giant cockroaches
  14 goblins
  11 hobgoblins
  5 kobolds
  2 quokkas
  4 frilled lizards
  13 rats
116 creatures vanquished.

Notes
Turn   | Place    | Note
-------+----------+-------------------------------------------
     0 | D:1      | hawla the Minotaur Fighter began the quest for the Orb.
     0 | D:1      | Reached XP level 1. HP: 19/19 MP: 0/0
   273 | D:1      | Reached XP level 2. HP: 27/27 MP: 1/1
  1074 | D:2      | Reached XP level 3. HP: 30/33 MP: 2/2
  1094 | D:2      | Reached skill level 5 in Shields
  1105 | D:2      | Noticed Robin
  1112 | D:2      | Reached skill level 1 in Dodging
  1118 | D:2      | Killed Robin
  1266 | D:2      | Reached XP level 4. HP: 32/40 MP: 3/3
  2438 | D:3      | Reached XP level 5. HP: 44/46 MP: 4/4
  2563 | D:3      | Found an ancient bone altar of Kikubaaqudgha.
  3011 | D:4      | Reached skill level 5 in Dodging
  3118 | D:4      | Noticed Dowan
  3135 | D:4      | Killed Dowan
  3136 | D:4      | Reached XP level 6. HP: 52/52 MP: 5/5
  3215 | D:4      | Noticed Duvessa
  3445 | D:4      | Found Yligen's General Store.
  3524 | D:4      | HP: 1/52 [Duvessa/+0 rapier (14)]
  3535 | D:5      | Entered Level 5 of the Dungeon
  3711 | D:5      | Reached skill level 5 in Armour
  3738 | D:5      | Found a glowing drain.
  3756 | Sewer    | Entered a sewer
  3798 | Sewer    | Reached XP level 7. HP: 43/57 MP: 6/6
  4465 | D:6      | Noticed a troll
  4651 | D:6      | Slain by a troll

Illustrated notes

Levels and vault maps discovered:
D:1:      dpeg_arrival_circle_labyrinth_b, layout_basic,
          grunt_decor_mini_mirrors
D:2:      wander_river, layout_loops_cross, uniq_robin
D:3:      minmay_octagon_keep, layout_loops_corners,
          mainiacjoe_overflow_six_doors_small, st_stairs_6
D:4:      minmay_diamond_boxcup, layout_rooms, nicolae_stop_n_shop_1,
          uniq_duvessa
D:5:      layout_rooms, gup_sewer_entry_glass
D:6:      nicolae_cairo_tiling, layout_loops_corners,
          mainiacjoe_overflow_brackets, minivault_4, serial_park_tiny_pond

Skill      XL: |  1  2  3  4  5  6  7 |
---------------+----------------------+-----
Fighting       | 4 |  4.0
Shields        | 4 5 |  5.0
Dodging        | 2 3 5 6 |  6.0
Armour         | 5 6 |  6.4
Axes           | |  2.4

Action                     |  1- 3 |  4- 6 |  7- 9 || total
---------------------------+-------+-------+-------++-------
  Melee: War axe           |    72 |   153 |    24 ||   249
         Headbutt          |     8 |    27 |     6 ||    41
  Evoke: Wand              |       |       |     1 ||     1
    Use: Scroll            |     4 |     6 |     5 ||    15
         Potion            |       |     3 |       ||     3
 Armour: Scale mail        |    53 |   112 |    37 ||   202
  Dodge: Dodged            |    38 |    88 |    25 ||   151
  Block: Buckler           |    16 |    47 |    10 ||    73
